Description

In this replay, I show you my PvP Opening: Fast Expand into Void/immortal.

VOD

https://youtu.be/mAStoVHAveE

Replay - Pea v zuka - Lightshade LE

Build Order

Get SALT Encoding   

  12  0:01  Probe  
  13  0:13  Probe  
  14  0:17  Pylon  
  14  0:25  Probe (Chrono Boost)  
  16  0:36  Probe (Chrono Boost)  
  16  0:38  Gateway  
  16  0:41  Probe  
  16  0:48  Assimilator  
  17  0:53  Probe  
  18  0:59  Pylon  
  18  1:05  Probe  
  18  1:08  Assimilator  
  19  1:17  Probe  
  20  1:25  Cybernetics Core  
  20  1:30  Probe  
  21  1:42  Probe, Pylon  
  23  2:05  Nexus  
  23  2:11  Stalker (Chrono Boost)  
  25  2:15  Warp Gate  
  25  2:25  Stargate  
  25  2:34  Shield Battery  
  24  2:41  Stalker  
  27  2:58  Pylon  
  28  3:17  Oracle (Chrono Boost)  
  32  3:22  Shield Battery  
  31  3:38  Void Ray (Chrono Boost)  
  32  3:45  Robotics Facility  
  38  3:56  Pylon  
  38  3:59  Shield Battery  
  39  4:06  Zealot  
  41  4:11  Void Ray  
  46  4:27  Shield Battery x2  
  41  4:33  Zealot  
  43  4:44  Immortal (Chrono Boost)  
  44  5:00  Zealot, Void Ray (Chrono Boost)  
  44  5:03  Shield Battery  
  50  5:17  Immortal (Chrono Boost)  
  50  5:21  Shield Battery  
  49  5:48  Stalker  
  45  5:52  Immortal (Chrono Boost)  
  43  6:22  Stalker  
Spawning Tool Build Advisor. Get it on Overwolf

Go to:

Details

  • Created by: zuka      
  • Published on: Nov 09, 2020
  • Modified on: Nov 09, 2020
  • Patch: 4.11.0
  • Difficulty: Medium
Show
View Real Time Build Order
Export as new Build Order

Comments (0)

There are no comments. Be the first!

Create an account to comment!